Unix NetHack Version 5.0.0-0 post-release - last build May 17 2026 04:57:42 (dc50c8380fa5e20985bfe3072449f57b8d9895ef,branch:main).

Game began 2026-05-21 07:57:02, ended 2026-05-21 12:15:12.

FutureTim, lawful female human Valkyrie

                     ---------------------------------------
                     |..........**.......*.....*....*......|  ----        ----
              ---    |.----------#------------#---------.-.-- |..|        |..|
   ----      --..    |.#..............................`.....|--..----     |..|
   |..--      ...  --|.|.---------`-------.-------------.|..--....|.---   |.--
  --...|      -..---.|.|.|....|..|.|.....|.|....)..|+..|.|............--  |.|
  |....--     |........|.|.......-.|.._..|.....|...|...|.|[).<..%......|  |.--
  --....|    --........|.|..*.|..|.|..)..|.|...|...|...|.|...))........| --..--
   --...|    |.........|.--|------.|`....|.----|)*[|...|.|..-..........| |....|
    |...---- |.........|........`..--...--.....--|---)--`|d'...----%..----....|
 ----)>....|--.........|.........{........{............[)Y@|.-------........---
 |..).%[...||......).....)............`........--|---|--.|%|......-|....-----
 |......|.--|..---.....|.--.---.-----..`...--.-|...|^..|.|.|-----..[.%.--
 --....---- |..|.......#.|..`|...|..|......|...|...|...|.|.|    |...|---
  --...--------..---.|.|.|.......|..-...`..|.......|...|.#.|    |...--
   |....|.......-- --|.|.|...|...|..|`.....|.(.|...|...|.|.|    ---..|
   |......-------    |.|.------------......-------------[|.|     --..|
   |........|        |.|.......................)....**)[.|.|     -..--
   |..---...|        |.------------------#----------------.|    |.---
   ---- -----        |.....*.**................[.........%*|    --
                     ---------------------------------------
FutureTim the Fighter       St:15 Dx:13 Co:17 In:8 Wi:9 Ch:10  Lawful
Dlvl:8  $:79 HP:0(53) Pw:9(9) AC:-3 Xp:8 T:4328 

Latest messages:
 This lichen corpse tastes okay.
 You finish eating the lichen corpse.
 There are several objects here.
 You see here an orcish dagger.
 What do you want to use or apply? [hptvxBDFGKOPRVZ or ?*] p
 You now wield a pick-axe.
 In what direction do you want to dig? [789631>] 6
 You start digging.
 You hit the rock with all your might.
 You stop digging.
 What do you want to use or apply? [hptvxBDFGKOPRVZ or ?*] p
 In what direction do you want to dig? [789631>] 6
 You continue digging.
 You hit the rock with all your might.
 You make an opening in the wall.
 What do you want to wield? [- abprX or ?*] a
 a - a blessed +1 spear (weapon in right hand).
 The leprechaun misses!
 You hit the leprechaun.
 You hit the leprechaun.
 The leprechaun hits!
 Your purse feels lighter.
 The leprechaun vanishes!
 The lizard misses!
 The lizard misses!
 You hit the lizard!
 You hit the lizard!
 The lizard bites!
 You kill the lizard!
 You miss the owlbear.
 You hit the owlbear.
 The owlbear misses!
 The owlbear misses!
 You hit the owlbear!
 The owlbear hits!
 The owlbear hits again!
 You miss the owlbear.
 The owlbear hits!
 The owlbear hits again!
 The owlbear grabs you!
 You hit the owlbear.
 The owlbear hits!
 The owlbear hits again!
 You are being crushed.
 Are you sure you want to pray? [yn] (n) y
 You begin praying to Tyr.
 The owlbear hits!
 The owlbear hits again!
 You die...
 Do you want your possessions identified? [ynq] (y) q

Inventory:
 Coins    ('$')
  $ - 79 gold pieces
 Weapons  (')')
  X - a +0 crossbow bolt
  r - 10 blessed +2 darts
  b - a blessed +0 dagger (alternate weapon; not wielded)
  a - a blessed +1 spear (weapon in right hand)
 Armor    ('[')
  L - an uncursed +0 orcish helm (being worn)
  m - an uncursed +0 pair of iron shoes
  c - an uncursed +3 small shield (being worn)
  C - an uncursed +2 dwarvish cloak (being worn)
  T - an uncursed +0 dwarvish mithril-coat (being worn)
 Comestibles  ('%')
  s - an uncursed slime mold
  d - 3 uncursed food rations
  y - 2 uncursed lembas wafers
  l - an uncursed tripe ration
  Y - 2 uncursed homemade tins of black unicorn meat
  Q - an uncursed tin of spinach
 Scrolls  ('?')
  i - an uncursed scroll of create monster
 Potions  ('!')
  N - an uncursed potion of full healing
  j - a blessed potion of gain level
  U - an uncursed potion of gain level
  n - a blessed potion of healing
  E - a blessed potion of object detection
  u - an uncursed potion of speed
 Rings    ('=')
  w - a cursed ring of teleportation
 Wands    ('/')
  h - a wand of create monster (0:11)
  O - a wand of enlightenment (0:14)
  x - a wand of light (0:12)
  V - a wand of magic missile (0:0)
  P - a wand of slow monster (0:5)
  t - a wand of striking (0:0)
  G - a wand of striking (0:0)
 Tools    ('(')
  R - an uncursed blindfold
  D - an uncursed lock pick
  K - a magic marker (0:77)
  F - an uncursed oil lamp
  p - a +0 pick-axe
  v - 4 uncursed partly used tallow candles
  Z - an uncursed towel
  B - 2 uncursed partly used wax candles

FutureTim the Valkyrie's attributes:

Background:
 You were a Fighter, a level 8 human Valkyrie.
 You were lawful, on a mission for Tyr
 who was opposed by Odin (neutral) and Loki (chaotic).
 You were right-handed.
 You were in the Gnomish Mines, on level 8.
 You entered the dungeon 4328 turns ago.
 You had 2124 experience points, 436 more were needed to attain level 9.

Basics:
 You had 0 out of 53 hit points.
 You had all 9 energy points (spell power).
 Your armor class was -3.
 Your wallet contained 79 zorkmids.
 Autopickup was off.

Final Characteristics:
 Your strength was 15 (peak:18, limit:18/100).
 Your dexterity was 13 (limit:18).
 Your constitution was 17 (peak:18, limit:18).
 Your intelligence was 8 (limit:18).
 Your wisdom was 9 (limit:18).
 Your charisma was 10 (limit:18).

Final Status:
 You were held by an owlbear (west).
 You weren't hungry.
 You were unencumbered.
 You were wielding a spear.
 You had basic skill with spear.

Final Attributes:
 You were piously aligned.
 Your items were somewhat protected from fire.
 You were cold resistant.
 Your items were somewhat protected from cold.
 You were stealthy.
 You were guarded.
 You were fast.
 You are dead.

Miscellaneous:
 You didn't encounter any bones levels.
 Total elapsed playing time was 1 hour, 6 minutes and 18 seconds.

Major events:
 Turn
    1: FutureTim the lawful human Valkyrie entered the dungeon
  463: found Sting in a shop
  941: attained the rank of Skirmisher (level 3)
 1209: entered the Gnomish Mines
 2503: attained the rank of Fighter (level 6)
 3381: reached Mine Town
 4328: killed by an owlbear, while praying

You didn't know any spells.

Skills:
 Fighting Skills
   bare handed combat [Unskilled]
   two weapon combat  [Unskilled]
   riding             [Unskilled]
 Weapon Skills
   dagger             [Basic]
   axe                [Unskilled]
   pick-axe           [Unskilled]
   short sword        [Unskilled]
   broadsword         [Unskilled]
   long sword         [Unskilled]
   two-handed sword   [Unskilled]
   saber              [Unskilled]
   hammer             [Unskilled]
   quarterstaff       [Unskilled]
   polearms           [Unskilled]
   spear              [Basic]
   trident            [Unskilled]
   lance              [Unskilled]
   sling              [Unskilled]
 Spellcasting Skills
   attack spells      [Unskilled]
   escape spells      [Unskilled]

Voluntary challenges:
 Character rerolling was not enabled.
 You never genocided any monsters.
 You never polymorphed an object.
 You never changed form.
 You used no wishes.
Achievements:
 You entered a shop.
 You attained the rank of Skirmisher.
 You entered the Gnomish Mines.
 You attained the rank of Fighter.
 You entered Minetown.

 The Dungeons of Doom: levels 1 to 4
    Level 1:
       A fountain.
    Level 2:
       A general store.
    Level 3:
       A fountain.
    Level 4:
       A fountain.
       Stairs down to The Gnomish Mines.
 The Gnomish Mines: levels 5 to 9
    Level 5:
    Level 6:
    Level 7:
    Level 8: <- You were here.
       An altar, some fountains.
       Final resting place for
          you, killed by an owlbear, while praying.
    Level 9:


Vanquished creatures:
 an ettin zombie
  4 winter wolf cubs
 10 orc-captains
  2 iron piercers
  a gnome ruler
  2 lizards
  3 chickatrices
  a dog
  a jaguar
  a rope golem
  a Woodland-elf
  a mountain nymph
 16 Mordor orcs
  4 Uruk-hai
  2 orc shamans
  a rock piercer
  a rock mole
  a yellow light
  4 gnome leaders
  a gray ooze
  a straw golem
  a giant ant
  2 floating eyes
  a kitten
  4 dwarves
  a homunculus
 15 hill orcs
  7 rothes
  a wererat
  2 werejackals
  2 iguanas
 an acid blob
  4 coyotes
  a hobbit
  a hobgoblin
  2 giant rats
  4 yellow molds
 32 gnomes
 15 garter snakes
  2 gnome zombies
  2 geckos
  5 jackals
  2 kobolds
  a goblin
  2 sewer rats
  a grid bug
  a bat
  3 lichens
  a kobold zombie
  2 newts
177 creatures vanquished.

No species were genocided or became extinct.

Game over:
                       ----------
                      /          \
                     /    REST    \
                    /      IN      \
                   /     PEACE      \
                  /                  \
                  |    FutureTim     |
                  |      79 Au       |
                  |   killed by an   |
                  |     owlbear      |
                  |                  |
                  |                  |
                  |       2026       |
                 *|     *  *  *      | *
        _________)/\\_//(\/(/\)/\//\/|_)_______

Farvel FutureTim the Valkyrie...

You died in The Gnomish Mines on dungeon level 8 with 9028 points,
and 79 pieces of gold, after 4328 moves.
You were level 8 with a maximum of 53 hit points when you died.

